 Dungeon Crawl Stone Soup version 0.31.0-11-ge490571c62 (webtiles) character file.

Game seed: 15762823029036131866

287 Silvore the Slasher (level 6, -1/48 HPs)
             Began as a Demonspawn Fighter on Feb 8, 2024.
             Slain by an ogre
             ... wielding a +0 giant spiked club
              (27 damage)
             ... on level 4 of the Dungeon.
             The game lasted 00:02:51 (2317 turns).

Silvore the Slasher (Demonspawn Fighter)            Turns: 2317, Time: 00:02:52

Health: -1/48      AC:  9    Str: 19    XL:     6   Next: 8%
Magic:  6/6        EV:  9    Int: 14    God:
Gold:   174        SH:  4    Dex: 12    Spells: 5/5 levels left

rFire   . . .        a - +1 long sword
rCold   . . .        c - +0 buckler
rNeg    . . .        b - +1 scale mail
rPois   .            (helmet restricted)
rElec   .            (no cloak)
rCorr   .            (no gloves)
SInv    .            (no boots)
Will    .....        (no amulet) Stlth
                     e - +6 ring of intelligence
HPRegen 0.28/turn    (no ring)
MPRegen 0.10/turn

%: no passive effects
@: no status effects
A: antennae 1, icy blue scales 1, foul stench 1
a: no special abilities


You were on level 4 of the Dungeon.
You visited 1 branch of the dungeon, and saw 4 of its levels.

You collected 174 gold pieces.

Inventory:

Hand Weapons
 a - a +1 long sword (weapon)
Armour
 b - a +1 scale mail (worn)
 c - a +0 buckler (worn)
Jewellery
 e - a +6 ring of intelligence (left hand)
Wands
 j - a wand of polymorph (7)
Potions
 d - 2 potions of might
 f - a potion of attraction
 i - a potion of curing {unknown}


   Skills:
 + Level 3.8 Fighting
 + Level 4.3 Long Blades
 + Level 3.4 Armour
 + Level 1.6 Dodging
 + Level 2.9 Shields


You had 5 spell levels left.
You didn't know any spells.
Your spell library contained the following spells:

 Spells                   Type           Power      Damage    Failure   Level
 Fugue of the Fallen      Necr           0%         N/A       97%         3
 Ozocubu's Armour         Ice            0%         N/A       97%         3
 Manifold Assault         Tloc           0%         N/A       100%        4
 Vhi's Electric Charge    Tloc/Air       0%         N/A       100%        4
 Arcjolt                  Conj/Air       0%         1d10      100%        5
 Plasma Beam              Fire/Air       0%         2x1d10    100%        6


Dungeon Overview and Level Annotations

Branches:
Dungeon (4/15)
 Temple: D:4-7

Altars:
Fedhas
Wu Jian

Annotations:
D:4 3 runed translucent doors, booth's ghost, amateur KoHu


Innate Abilities, Weirdness & Mutations

You have a pair of small antennae on your head.
You are partially covered in icy blue scales. (AC +2)
You may rarely emit foul miasma when damaged in melee.


Message History

The black bear closely misses you.
The black bear claws you but does no damage.
You block the black bear's attack.
The black bear bites you but does no damage.
The black bear claws you. You block the black bear's attack.
You barely miss the black bear.
The black bear is heavily wounded.
You block the black bear's attack.
The black bear claws you but does no damage. x2
You hit the black bear.
The black bear is heavily wounded.
The black bear bites you but does no damage.
The black bear barely misses you.
The black bear claws you but does no damage.
You slash the black bear!
The black bear is almost dead.
You block the black bear's attack. The black bear claws you. x2
You slash the black bear!
You kill the black bear!
Your Dodging skill increases to level 1!
You have reached level 6!
You start resting.
HP restored.
Found a blossoming altar of Fedhas.
You now have 174 gold pieces (gained 15).
An iguana and an ogre come into view.
Found 4 stones.
The iguana hisses angrily.
The ogre shouts!
Found a glass wand.
The iguana bites you! The ogre closely misses you.
You completely miss the iguana. You block the iguana's attack.
The ogre hits you with a +0 giant spiked club!
The iguana barely misses you.
You hit the iguana but do no damage. You block the iguana's attack.
You block the ogre's attack.
You hit the iguana.
The iguana is lightly wounded.
The iguana bites you!
The ogre hits you with a +0 giant spiked club!!
Ouch! That really hurt!
You die...

....PP ...(...^≈
§...._PP
.......≈≈.≈...PPPP ##
......... ......P. .#
/.......###.....###..###
.........#......#.#..#.#
..............##........
......O.......#...##....
#...l@........#.......
#......#......#.#..###
#......#........#.##.#
###.#####..........#..
## ##...........#
##.........##
#..#...#.##. #⌠.#.
⌠#..##.##.... .
#.#.WK#K#.###..#.#.#


You could see an ogre and an iguana.

Vanquished Creatures
  A black bear (D:4)
  A phantom (D:3)
  A bombardier beetle (D:3)
  4 adders
  A ribbon worm (D:2)
  4 dart slugs
  3 ball pythons
  5 endoplasms
  3 giant cockroaches
  4 goblins
  4 hobgoblins
  3 jackals (D:1)
  3 quokkas
  4 bats
  3 frilled lizards
  2 kobolds
  8 rats
54 creatures vanquished.

Notes
Turn   | Place    | Note
-------+----------+-------------------------------------------
     0 | D:1      | Silvore the Demonspawn Fighter began the quest for the Orb.
     0 | D:1      | Reached XP level 1. HP: 18/18 MP: 1/1
   287 | D:1      | Reached skill level 2 in Long Blades
   287 | D:1      | Gained mutation: You are partially covered in icy blue
                  | scales. (AC +2) [demonic ancestry]
   287 | D:1      | Reached XP level 2. HP: 24/24 MP: 2/2
   887 | D:2      | Gained mutation: You may rarely emit foul miasma when
                  | damaged in melee. [demonic ancestry]
   887 | D:2      | Reached XP level 3. HP: 24/29 MP: 3/3
   959 | D:2      | Reached skill level 3 in Long Blades
  1264 | D:2      | Gained mutation: You have a pair of small antennae on your
                  | head. [demonic ancestry]
  1264 | D:2      | Reached XP level 4. HP: 30/35 MP: 4/4
  1946 | D:3      | Noticed a phantom
  1967 | D:3      | Killed a phantom
  1968 | D:3      | Reached skill level 4 in Long Blades
  1968 | D:3      | Reached XP level 5. HP: 32/42 MP: 5/5
  2116 | D:3      | Found an ornate altar of the Wu Jian Council.
  2168 | D:4      | Noticed booth's ghost (amateur KoHu)
  2168 | D:4      | Found a runed translucent gate.
  2168 | D:4      | Found a runed translucent gate.
  2170 | D:4      | Found a runed translucent gate.
  2207 | D:4      | Noticed a black bear
  2215 | D:4      | Killed a black bear
  2216 | D:4      | Reached skill level 1 in Dodging
  2216 | D:4      | Reached XP level 6. HP: 29/48 MP: 6/6
  2304 | D:4      | Found a blossoming altar of Fedhas.
  2317 | D:4      | Slain by an ogre

Illustrated notes

Levels and vault maps discovered:
D:1:      eino_arrival_tree_alley, layout_loops_ring, kennysheep_pointless_box,
          st_stairs_11
D:2:      layout_rooms, minmay_tripent
D:3:      layout_loops_cross, nzn_wu_jian_council_hall, hangedman_decor_push,
          hangedman_feature_mirror
D:4:      layout_cave_pools, grunt_temple_overflow_forces_of_nature,
          lemuel_coloured_pillars_altar, grunt_dithmenos_smoke,
          gammafunk_ghost_nasty_kobolds

Skill      XL: |  1  2  3  4  5 |
---------------+----------------+-----
Long Blades    | 2 3 4 |  4.3
Armour         | 3 |  3.4
Dodging        | 1 |  1.6
Fighting       | |  3.8
Shields        | |  2.9

Action                     |  1- 3 |  4- 6 || total
---------------------------+-------+-------++-------
  Melee: Long sword        |   123 |    72 ||   195
    Use: Scroll            |     1 |     5 ||     6
 Armour: Scale mail        |   121 |    72 ||   193
  Dodge: Dodged            |    62 |    34 ||    96
  Block: Buckler           |    32 |    21 ||    53
